 Dungeon Crawl Stone Soup version 0.21.1-1-g345015fe64 (webtiles) character file.

193 Anathary the Ducker (level 5, -2/47 HPs)
             Began as a Gnoll Monk on June 10, 2018.
             Was a Believer of Dithmenos.
             Slain by Grinder (6 damage)
             ... on level 3 of the Dungeon.
             The game lasted 00:12:01 (2407 turns).

Anathary the Ducker (Gnoll Monk)                    Turns: 2407, Time: 00:12:02

Health: -2/47      AC:  2    Str: 15    XL:     5   Next: 72%
Magic:  7/7        EV: 17    Int: 12    God:    Dithmenos [**....]
Gold:   136        SH:  0    Dex: 17    Spells: 7/7 levels left

rFire    . . .     SeeInvis .   a - +2 spear
rCold    . . .     Gourm    .   (no shield)
rNeg     . . .     Faith    .   b - +0 robe
rPois    .         Spirit   .   (no helmet)
rElec    .         Reflect  .   (no cloak)
rCorr    .         Harm     .   (no gloves)
MR       +....                  (no boots)
Stlth    ++++......             n - amulet "Tije" {RegenMP MR+}
HPRegen  0.15/turn              (no ring)
MPRegen  0.35/turn              (no ring)

@: wreathed by umbra
A: distributed training, fangs 1, strong nose
a: Shadow Step, Renounce Religion


You were on level 3 of the Dungeon.
You worshipped Dithmenos.
Dithmenos was pleased with you.
You were not hungry.

You visited 1 branch of the dungeon, and saw 3 of its levels.

You collected 136 gold pieces.

Inventory:

Hand Weapons
 a - a +2 spear (weapon)
 l - a -2 dagger
Armour
 b - a +0 robe (worn)
Jewellery
 n - the amulet "Tije" (around neck) {RegenMP MR+}
   (You found it on level 2 of the Dungeon)

   [amulet of magic regeneration]

   It increases your magic regeneration.
   It affects your resistance to hostile enchantments.
Scrolls
 c - 3 scrolls of identify
Potions
 d - a potion of heal wounds {unknown}
 e - 2 potions of lignification {unknown}
 f - a potion of invisibility {unknown}
 g - 2 potions of curing {unknown}
 h - a potion of mutation {unknown}
 i - 2 potions of magic {unknown}
 j - a potion of agility {unknown}
 m - a potion of ambrosia {unknown}
 o - 2 potions of haste {unknown}
Comestibles
 k - 2 rations


   Skills:
 + Level 6.7 Fighting
 + Level 1.6 Short Blades
 + Level 1.6 Long Blades
 + Level 1.6 Axes
 + Level 1.6 Maces & Flails
 + Level 6.7 Polearms
 + Level 1.6 Staves
 + Level 1.6 Slings
 + Level 1.6 Bows
 + Level 1.6 Crossbows
 + Level 1.6 Throwing
 + Level 1.6 Armour
 + Level 6.7 Dodging
 + Level 4.4 Stealth
 + Level 1.6 Shields
 + Level 1.6 Unarmed Combat
 + Level 1.6 Spellcasting
 + Level 1.2 Conjurations
 + Level 1.2 Hexes
 + Level 1.2 Charms
 + Level 1.2 Summonings
 + Level 1.2 Necromancy
 + Level 1.2 Translocations
 + Level 1.2 Transmutations
 + Level 1.2 Fire Magic
 + Level 1.2 Ice Magic
 + Level 1.2 Air Magic
 + Level 1.2 Earth Magic
 + Level 1.2 Poison Magic
 + Level 1.8 Invocations
 + Level 1.6 Evocations


You had 7 spell levels left.
You didn't know any spells.

Dungeon Overview and Level Annotations

Branches:
Dungeon (3/15)

Altars:
Dithmenos
Gozag
Hepliaklqana
Makhleb
Okawaru
Uskayaw

Annotations:
D:3 Grinder


Innate Abilities, Weirdness & Mutations

Your experience applies equally to all skills.
You have very sharp teeth.
Your uncanny sense of smell can sniff out nearby items.


Message History

Pain shoots through your body!
* * * LOW HITPOINT WARNING * * *
You barely miss Grinder. You bite Grinder, but do no damage.
Grinder is heavily wounded.
Grinder blinks!
You closely miss Grinder.
Grinder is heavily wounded.
Grinder completely misses you.
You hit Grinder. You bite Grinder.
Grinder is heavily wounded.
Grinder closely misses you.
You hit Grinder. You bite Grinder.
Grinder is severely wounded.
You puncture Grinder!
Grinder is almost dead.
Grinder barely misses you.
You closely miss Grinder.
Grinder is almost dead.
Grinder hits you.
You die...

#.#.##.## # #..
.........# #..
.#.#.###.# #.. .. #.#
##.$ #. #.# ...### #
#.# #.####... ∆ ∆ #[#
#.......####### #.#
#.....).@5..# #.#
#.##.######.# #.# #.
#.# #.#
#.######.#########.###
#.....................
######################


You could see Grinder.

Vanquished Creatures
  A hound (D:2)
  An orc priest (D:3)
  A worker ant (D:3)
  3 adders (D:2)
  An ooze (D:2)
  A worm (D:2)
  2 dart slugs
  5 leopard geckos
  5 orcs (D:3)
  4 bats
  5 giant cockroaches
  7 goblins
  5 hobgoblins
  9 kobolds
  A quokka (D:3)
  A ball python (D:1)
  2 frilled lizards (D:2)
  8 rats
  2 plants (D:2)
64 creatures vanquished.

Vanquished Creatures (others)
  A bush (D:2)
1 creature vanquished.

Grand Total: 65 creatures vanquished

Notes
Turn   | Place    | Note
-------+----------+-------------------------------------------
     0 | D:1      | Anathary the Gnoll Monk began the quest for the Orb.
     0 | D:1      | Reached XP level 1. HP: 23/23 MP: 1/1
   131 | D:1      | Reached XP level 2. HP: 21/29 MP: 2/2
   914 | D:2      | Reached XP level 3. HP: 35/35 MP: 3/3
   956 | D:2      | Reached skill level 1 in Invocations
  1130 | D:2      | Reached skill level 1 in Short Blades
  1130 | D:2      | Reached skill level 1 in Long Blades
  1130 | D:2      | Reached skill level 1 in Axes
  1130 | D:2      | Reached skill level 1 in Maces & Flails
  1130 | D:2      | Reached skill level 1 in Staves
  1130 | D:2      | Reached skill level 1 in Slings
  1130 | D:2      | Reached skill level 1 in Bows
  1130 | D:2      | Reached skill level 1 in Crossbows
  1130 | D:2      | Reached skill level 1 in Throwing
  1130 | D:2      | Reached skill level 1 in Armour
  1130 | D:2      | Reached skill level 1 in Shields
  1130 | D:2      | Reached skill level 1 in Unarmed Combat
  1130 | D:2      | Reached skill level 1 in Spellcasting
  1130 | D:2      | Reached skill level 1 in Evocations
  1166 | D:2      | Reached XP level 4. HP: 39/41 MP: 5/5
  1251 | D:2      | Noticed a dagger
  1251 | D:2      | Noticed a dagger
  1258 | D:2      | Found a hide-covered altar of Uskayaw.
  1276 | D:2      | Found a burning altar of Makhleb.
  1487 | D:2      | Reached skill level 1 in Conjurations
  1487 | D:2      | Reached skill level 1 in Hexes
  1487 | D:2      | Reached skill level 1 in Charms
  1487 | D:2      | Reached skill level 1 in Summonings
  1487 | D:2      | Reached skill level 1 in Necromancy
  1487 | D:2      | Reached skill level 1 in Translocations
  1487 | D:2      | Reached skill level 1 in Transmutations
  1487 | D:2      | Reached skill level 1 in Fire Magic
  1487 | D:2      | Reached skill level 1 in Ice Magic
  1487 | D:2      | Reached skill level 1 in Air Magic
  1487 | D:2      | Reached skill level 1 in Earth Magic
  1487 | D:2      | Reached skill level 1 in Poison Magic
  1610 | D:2      | Found a shadowy altar of Dithmenos.
  1617 | D:2      | Became a worshipper of Dithmenos the Shadowed
  1617 | D:2      | Reached * piety under Dithmenos
  1617 | D:2      | Reached ** piety under Dithmenos
  1930 | D:2      | Found an iron altar of Okawaru.
  1994 | D:2      | Reached XP level 5. HP: 47/47 MP: 6/6
  2052 | D:2      | Got a warped copper amulet
  2054 | D:2      | Identified the amulet "Tije" {RegenMP MR+} (You found it on level 2 of the Dungeon)
  2231 | D:3      | Found a hazy altar of Hepliaklqana.
  2233 | D:3      | Found an opulent altar of Gozag.
  2363 | D:3      | Noticed Grinder
  2407 | D:3      | Slain by Grinder

Skill      XL: |  1  2  3  4 |
---------------+-------------+-----
Invocations    | 1 |  1.8
Short Blades   | 1 |  1.6
Long Blades    | 1 |  1.6
Axes           | 1 |  1.6
Maces & Flails | 1 |  1.6
Staves         | 1 |  1.6
Slings         | 1 |  1.6
Bows           | 1 |  1.6
Crossbows      | 1 |  1.6
Throwing       | 1 |  1.6
Armour         | 1 |  1.6
Shields        | 1 |  1.6
Unarmed Combat | 1 |  1.6
Spellcasting   | 1 |  1.6
Evocations     | 1 |  1.6
Conjurations   | 1 |  1.2
Hexes          | 1 |  1.2
Charms         | 1 |  1.2
Summonings     | 1 |  1.2
Necromancy     | 1 |  1.2
Translocations | 1 |  1.2
Transmutations | 1 |  1.2
Fire Magic     | 1 |  1.2
Ice Magic      | 1 |  1.2
Air Magic      | 1 |  1.2
Earth Magic    | 1 |  1.2
Poison Magic   | 1 |  1.2
Fighting       | |  6.7
Polearms       | |  6.7
Dodging        | |  6.7
Stealth        | |  4.4

Action                   |  1- 3 |  4- 6 || total
-------------------------+-------+-------++-------
Melee: Spear             |   104 |   334 ||   438
       Bite              |    12 |    73 ||    85
       Punch             |       |     4 ||     4
  Use: Scroll            |     6 |     1 ||     7
 Stab: Sleeping          |    11 |     5 ||    16
       Distracted        |     1 |       ||     1
  Eat: Ration            |     1 |     1 ||     2
Armor: Robe              |     9 |     2 ||    11
Dodge: Dodged            |    85 |    74 ||   159
